 Dungeon Crawl Stone Soup version 0.26-a0-259-g1effd001a9 (webtiles) character file.

Game seed: 11463981087475333977

5 Esekla the Skirmisher (level 1, -4/18 HPs)
             Began as a Formicid Abyssal Knight on July 10, 2020.
             Was a Follower of Lugonu.
             Killed by static electricity
             ... invoked by an insubstantial wisp
              (7 damage)
             ... on level 2 of the Abyss.
             The game lasted 00:01:13 (80 turns).

Esekla the Skirmisher (Formicid Abyssal Knight)       Turns: 80, Time: 00:01:14

Health: -4/18      AC:  3    Str: 16    XL:     1   Next: 88%
Magic:  2/2        EV: 11    Int: 11    God:    Lugonu [*.....]
Gold:   22         SH:  0    Dex: 10    Spells: 0/0 levels left

rFire    . . .     SeeInvis +   a - +1 falchion
rCold    . . .     Faith    .   (no shield)
rNeg     . . .     Spirit   .   b - +0 leather armour
rPois    .         Reflect  .   (helmet unavailable)
rElec    .         Harm     .   (no cloak)
rCorr    .                      (no gloves)
MR       .....                  (no boots)
Stlth    +.........             (no amulet)
HPRegen  0.06/turn              (no ring)
MPRegen  0.08/turn              (no ring)

@: no status effects
A: permanent stasis, dig shafts and tunnels, four strong arms, antennae 3
a: Dig, Shaft Self, Depart the Abyss, Renounce Religion


You were on level 2 of the Abyss.
You worshipped Lugonu.
Lugonu was aware of your devotion.
You were not hungry.

You visited 0 branches of the dungeon, and saw 0 of its levels.
You visited the Abyss 1 time.

You collected 22 gold pieces.

Inventory:

Hand Weapons
 a - a +1 falchion (weapon)
Armour
 b - a +0 leather armour (worn)
Potions
 d - a potion of degeneration {unknown}
Comestibles
 c - 2 rations


   Skills:
 * Level 3.6 Fighting
 + Level 2.0 Long Blades
 + Level 2.2 Armour
 + Level 0.9 Dodging
 + Level 2.2 Invocations


You couldn't memorise any spells.
You didn't know any spells.
Your spell library was empty.

Dungeon Overview and Level Annotations

Branches:
Dungeon (0/15)

Altars:


Innate Abilities, Weirdness & Mutations

You cannot be hasted, slowed, berserked, paralysed or teleported.
You can dig through walls and to a lower floor.
Your four strong arms can wield two-handed weapons with a shield.
You have a pair of large antennae on your head. (SInv)


Message History

The ufetubus is severely wounded.
The ufetubus hits you.
* * * LOW HITPOINT WARNING * * *
The ufetubus hits you but does no damage.
The ufetubus closely misses you. The ufetubus barely misses you.
You hit the ufetubus.
You kill the ufetubus!
Found a glowing morningstar.
Found a hazy altar of Hepliaklqana.
You see here a glowing morningstar. 2 insubstantial wisps come into view.
An insubstantial wisp comes into view.
The insubstantial wisp gives a chilling moan. x2
You hear a chilling moan. x2
An insubstantial wisp comes into view.
A tentacled starspawn comes into view. 2 insubstantial wisps come into view.
The insubstantial wisp gives a chilling moan. x2
The insubstantial wisp thrums sharply.
You are struck by an arc of lightning!
You die...

..#..#. #####
....... #.#.# .
##.....####.### ##
#.#....#.#.##.#
#...
.......#.....ยง###.
.. #...........#..
#...
..#.X#v.v...#..#...
#..#.####.#.#... #.
#. ##@.vv..#.####.
........vv.....#
#..#
#.####........#..
.# # ##...##.###)#
#.. #.#.#..#.# .. _
. ... ..#...####.
.# .##.. #....# ##
.####.# . #.#.
...... . ... .. ...
.# . .. ..... ..##
.# . ...


You could see a tentacled starspawn and 4 insubstantial wisps.

Vanquished Creatures
  An ufetubus (Abyss:2)
1 creature vanquished.

Notes
Turn   | Place    | Note
-------+----------+-------------------------------------------
     0 | Abyss:1  | Esekla the Formicid Abyssal Knight began the quest for the
                  | Orb.
     0 | Abyss:1  | Reached XP level 1. HP: 18/18 MP: 2/2
     9 | Abyss:1  | Found a corrupted altar of Lugonu.
    18 | Abyss:2  | Found a corrupted altar of Lugonu.
    49 | Abyss:2  | Found a hazy altar of Hepliaklqana.
    75 | Abyss:2  | Noticed an insubstantial wisp
    75 | Abyss:2  | Noticed an insubstantial wisp
    75 | Abyss:2  | Noticed an insubstantial wisp
    76 | Abyss:2  | Noticed an insubstantial wisp
    77 | Abyss:2  | Noticed a tentacled starspawn
    79 | Abyss:2  | Noticed an insubstantial wisp
    79 | Abyss:2  | Noticed an insubstantial wisp
    80 | Abyss:2  | Killed from afar by an insubstantial wisp

Illustrated notes

Levels and vault maps discovered:
Abyss:2:  minivault_4

Action                   || total
-------------------------++-------
Melee: Falchion          ||     5
Armor: Leather armour    ||     2
Dodge: Dodged            ||     8
       Rpst.: Falchion   ||     2

Table legend:
 A = Non-vault XP
 B = Vault XP
 C = Vault XP percentage of total XP
 D = Non-vault monster count
 E = Vault monster count
 F = Vault count percentage of total count
                 A         B        C        D         E       F
            +---------+---------+-------+---------+---------+-------
      Total |       8 |       0 |   0.0 |       1 |       0 |   0.0
            +---------+---------+-------+---------+---------+-------
    Abyss:2 |       8 |       0 |   0.0 |       1 |       0 |   0.0
            +---------+---------+-------+---------+---------+-------
